 Dungeon Crawl Stone Soup version 0.26.1-2-gb8aa6d0cf2 (webtiles) character file.

Game seed: 3693916867570624504

3518 Riddle the Grappler (level 9, -1/97 HPs)
             Began as a Troll Monk on Mar 21, 2021.
             Was a High Priest of Ru.
             Slain by a centaur
             ... wielding a +4 trident
              (11 damage)
             ... in a bailey.
             The game lasted 00:08:03 (7594 turns).

Riddle the Grappler (Troll Monk)                    Turns: 7594, Time: 00:08:04

Health: -1/97      AC:  6    Str: 24    XL:     9   Next: 81%
Magic:  0/8        EV: 10    Int:  6    God:    Ru [*****.]
Gold:   330        SH:  0    Dex: 12    Spells: 8/8 levels left

rFire    . . .     SeeInvis .     - Unarmed
rCold    . . .     Faith    .   (shield unavailable)
rNeg     . . .     Spirit   +   a - +0 robe
rPois    .         Reflect  .   (helmet restricted)
rElec    .         Harm     .   (no cloak)
rCorr    .         Rampage  .   (gloves unavailable)
Will     .....                  (boots unavailable)
Stlth    +.........             w - amulet of guardian spirit
HPRegen  0.66/turn              (ring unavailable)
MPRegen  0.11/turn              t - ring of attention (curse)

@: no status effects
A: large, unfitting armour, claws 3, regeneration 1, shaggy fur 1, tough skin 3,
missing a hand, inability to use devices
a: Renounce Religion, Draw Out Power, Power Leap, Apocalypse


You were in a bailey.
You worshipped Ru.
Ru was extremely pleased with you.
You visited 2 branches of the dungeon, and saw 9 of its levels.
You also visited: Bailey.

You collected 435 gold pieces.
You spent 105 gold pieces at shops.

Inventory:

Armour
 a - a +0 robe (worn)
Jewellery
 k - a +4 ring of slaying
 m - an uncursed amulet of the acrobat
 t - a cursed ring of attention (right claw)
 w - an amulet of guardian spirit (around neck)
 x - an uncursed ring of magical power
Scrolls
 b - 6 scrolls of identify
 e - 10 scrolls of remove curse
 q - a scroll of teleportation
 u - a scroll of enchant armour {unknown}
 v - a scroll of blinking
 y - a scroll of enchant weapon {unknown}
 z - a scroll of immolation {unknown}
Potions
 c - a potion of berserk rage {unknown}
 d - 2 potions of degeneration {unknown}
 f - 6 potions of curing
 g - 3 potions of haste {unknown}
 h - 2 potions of lignification {unknown}
 j - 3 potions of mutation {unknown}
 l - 2 potions of brilliance {unknown}
 o - a potion of heal wounds {unknown}
 p - 2 potions of flight {unknown}
 s - 2 potions of resistance {unknown}


   Skills:
 + Level 8.7 Fighting
 - Level 1.0 Armour
 - Level 2.4 Dodging
 - Level 1.0 Stealth
 + Level 10.3 Unarmed Combat


You had 8 spell levels left.
You didn't know any spells.
Your spell library contained the following spells:

 Spells                   Type           Power        Failure   Level
 Animate Skeleton         Necr           0%           45%         1
 Apportation              Tloc           0%           45%         1
 Beastly Appendage        Tmut           0%           45%         1
 Corona                   Hex            0%           45%         1
 Summon Small Mammal      Summ           0%           45%         1
 Wereblood                Tmut           0%           58%         2
 Spider Form              Tmut/Pois      0%           83%         3
 Ice Form                 Ice/Tmut       0%           99%         4
 Blade Hands              Tmut           0%           100%        5


Dungeon Overview and Level Annotations

Branches:
Dungeon (8/15)             Temple (1/1) D:7            Lair (0/6) D:8
 Bailey (1/1)

Altars:
Ashenzari
Cheibriados
Dithmenos
Elyvilon
Fedhas
Gozag
Hepliaklqana
Kikubaaqudgha
Makhleb
Okawaru
Qazlal
Ru
Sif Muna
Trog
Uskayaw
Vehumet
Wu Jian
Yredelemnul
Zin
The Shining One

Shops:
D:6 *?}*

Annotations:
D:5 1 runed translucent door, Mattiprrivan's ghost, novice GrWz


Innate Abilities, Weirdness & Mutations

You are too large for most types of armour.
You have claws for hands.
Your natural rate of healing is unusually fast.
You are covered in fur. (AC +1)
You have extremely tough skin. (AC +3)
You are missing a hand.
You cannot study or use magical devices.


Message History

You closely miss the orc warrior.
The centaur hits you from afar with a +4 trident!
You focus your inner power and slow the centaur in retribution!
The orc warrior hits you with a +0 halberd!
You scratch the orc warrior but do no damage.
The centaur closely misses you.
You barely miss the orc warrior.
The orc warrior hits you with a +0 halberd!!
* * * LOW HITPOINT WARNING * * *
The centaur hits you from afar with a +4 trident.
* * * LOW HITPOINT WARNING * * *
You are too injured to fight recklessly!
You mangle the orc warrior!!
The orc warrior is almost dead.
The orc warrior hits you with a +0 halberd!
* * * LOW HITPOINT WARNING * * *
You barely miss the orc warrior.
The orc warrior is almost dead.
The centaur hits you from afar with a +4 trident!
You die...

≈.#..').)(..≈≈≈≈≈≈≈≈≈o
≈.#.)).))...≈≈≈≈≈)?:≈≈≈≈
≈.#..'...(..≈≈≈≈≈≈≈≈≈≈≈≈
≈.#..#####...≈≈≈≈≈≈≈≈≈≈≈
.##..#≈≈.≈≈....≈≈≈≈≈≈≈..
.#)..#≈≈≈.≈.............
.#...#≈≈≈.≈≈.⌠.........⌠
.#...#≈≈≈≈.≈.(..........
##...#≈≈≈≈.≈≈≈..@o.....≈
#....#≈≈≈≈≈..≈≈≈.....≈≈≈
.....#≈≈≈≈≈≈≈.c≈≈≈≈≈≈≈..
....###≈≈≈≈≈≈≈≈.c.....≈≈
...## ##≈≈≈≈≈≈≈≈≈≈≈≈≈≈≈≈
≈≈## ##≈≈≈≈≈≈≈≈≈≈≈≈≈≈≈
### ################


You could see an orc warrior and 2 centaurs.

Vanquished Creatures
  A two-headed ogre (D:8)
  Menkaure (D:5)
  An ice beast (D:6)
  9 orc warriors
  2 phantoms
  2 black bears (D:7)
  An ogre (D:7)
  2 centaurs (Bailey)
  A big kobold (D:7)
  A gnoll sergeant (D:4)
  6 killer bees (D:7)
  A bullfrog zombie (D:5)
  2 jellies
  A centaur skeleton (D:4)
  An orc priest (D:3)
  3 hounds
  An iguana (D:5)
  4 worker ants
  4 orc wizards
  A hound skeleton (D:5)
  5 gnolls (D:4)
  7 adders
  A shadow imp (D:8)
  A white imp (D:6)
  An ufetubus (D:7)
  An ooze (D:4)
  2 adder skeletons
  5 worms
  2 dart slugs
  3 leopard geckos
  46 orcs
  6 ball pythons
  5 giant cockroaches
  12 goblins
  7 hobgoblins
  11 jackals
  27 kobolds
  2 quokkas (D:4)
  5 bats
  6 frilled lizards
  A jackal skeleton (D:4)
  9 rats
210 creatures vanquished.

Vanquished Creatures (others)
  A kobold (D:3)
  25 plants (D:7)
26 creatures vanquished.

Grand Total: 236 creatures vanquished

Notes
Turn   | Place    | Note
-------+----------+-------------------------------------------
     0 | D:1      | Riddle the Troll Monk began the quest for the Orb.
     0 | D:1      | Reached XP level 1. HP: 22/22 MP: 0/0
   125 | D:1      | Reached XP level 2. HP: 29/29 MP: 1/1
   605 | D:1      | Reached skill level 1 in Armour
   885 | D:2      | Reached XP level 3. HP: 34/36 MP: 2/2
   941 | D:2      | Noticed a +0 hand axe
   942 | D:2      | Found a hide-covered altar of Uskayaw.
   942 | D:2      | Noticed a +0 hand axe
  1276 | D:2      | Found a snail-covered altar of Cheibriados.
  1389 | D:3      | Reached XP level 4. HP: 21/45 MP: 3/3
  1397 | D:3      | Reached skill level 4 in Unarmed Combat
  1560 | D:3      | Reached XP level 5. HP: 53/53 MP: 4/4
  2371 | D:4      | Noticed a phantom
  2378 | D:4      | Reached skill level 5 in Unarmed Combat
  2392 | D:4      | Killed a phantom
  2393 | D:4      | Reached XP level 6. HP: 63/63 MP: 5/5
  2977 | D:5      | Entered Level 5 of the Dungeon
  3234 | D:5      | Reached XP level 7. HP: 71/71 MP: 6/6
  3275 | D:5      | Reached skill level 5 in Fighting
  3275 | D:5      | Reached skill level 6 in Unarmed Combat
  3300 | D:5      | Found a runed translucent door.
  3669 | D:5      | Noticed Menkaure
  3670 | D:5      | Killed Menkaure
  3731 | D:5      | Found a glowing golden altar of the Shining One.
  3734 | D:5      | Found an ancient bone altar of Kikubaaqudgha.
  3737 | D:5      | Found an ornate altar of the Wu Jian Council.
  3740 | D:5      | Found a sacrificial altar of Ru.
  3744 | D:5      | Became a worshipper of Ru the Awakened
  3760 | D:5      | Gained mutation: You cannot study or use magical devices.
                  | [Ru sacrifice]
  3760 | D:5      | Reached * piety under Ru
  3760 | D:5      | Reached ** piety under Ru
  3984 | D:5      | Noticed Mattiprrivan's ghost (novice GrWz)
  4357 | D:6      | Found Nizit's General Store.
  4360 | D:6      | Found Urouhaq's Gadget Shoppe.
  4395 | D:6      | Reached skill level 7 in Unarmed Combat
  4395 | D:6      | Reached XP level 8. HP: 64/83 MP: 7/7
  4636 | D:6      | Found Uneocho's General Store.
  4753 | D:6      | Found a shadowy altar of Dithmenos.
  5052 | D:6      | Found Xujeomm's Magic Scroll Shoppe.
  5055 | D:6      | Bought a scroll of blinking for 105 gold pieces
  5323 | D:7      | Reached skill level 8 in Unarmed Combat
  6129 | D:7      | Found a staircase to the Ecumenical Temple.
  6309 | Temple   | Entered the Ecumenical Temple
  6557 | D:8      | Noticed a two-headed ogre
  6564 | D:8      | Killed a two-headed ogre
  6565 | D:8      | Reached skill level 9 in Unarmed Combat
  6565 | D:8      | Reached XP level 9. HP: 35/96 MP: 2/8
  6624 | D:8      | Found a flagged portal.
  6635 | D:8      | Gained mutation: You are missing a hand. [Ru sacrifice]
  6635 | D:8      | Reached *** piety under Ru
  6635 | D:8      | Reached **** piety under Ru
  6635 | D:8      | Reached ***** piety under Ru
  6639 | Bailey   | Entered a bailey
  6989 | Bailey   | Reached skill level 10 in Unarmed Combat
  7594 | Bailey   | Slain by a centaur

Illustrated notes

Levels and vault maps discovered:
D:1:      dpeg_arrival_round_b, layout_basic
D:2:      layout_basic, dancing_weapons_uskayaw, nicolae_overflow_crystal_walls,
          grunt_ministairs_13, minmay_misc_feat_pillars
D:3:      minmay_angry_zag, layout_basic
D:4:      layout_layer_cave, lightli_minifort
D:5:      layout_loops_corners, grunt_temple_overflow_cloverleaf,
          ebering_ghost_reflecting_pool, kennysheep_generic_room_11,
          uniq_menkaure
D:6:      layout_layer_cave, serial_shops, shop, kennysheep_mini, shop, shop,
          nicolae_dithmenos_the_darkroom
D:7:      kennysheep_kobold_camp, layout_loops_ring,
          minmay_temple_entry_enclosed_plants
D:8:      layout_loops_corners, lair_entry_dummy, enter_bailey_3, the_bakery,
          uniq_maggie
Temple:   nicolae_temple_figure_eight
Bailey:   bailey_polearm_flooded_kennysheep, bailey

Skill      XL: |  1  2  3  4  5  6  7  8  9 |
---------------+----------------------------+-----
Armour         | 1 |  1.0
Fighting       | 3 4 5 7 8 |  8.7
Unarmed Combat | 4 5 7 9 10 | 10.3
Dodging        | |  2.4
Stealth        | |  1.0

Action                   |  1- 3 |  4- 6 |  7- 9 || total
-------------------------+-------+-------+-------++-------
Melee: Unarmed           |    87 |   158 |   262 ||   507
       Punch             |     1 |     1 |     3 ||     5
Invok: Sacrifice Artific |       |       |     1 ||     1
       Sacrifice a Hand  |       |       |     1 ||     1
  Use: Scroll            |       |       |     5 ||     5
       Potion            |       |       |     1 ||     1
 Stab: Sleeping          |     2 |     2 |       ||     4
       Invisible         |       |       |     2 ||     2
       Distracted        |       |       |     1 ||     1
       Paralysed         |       |       |     2 ||     2
Armor: Robe              |    36 |    64 |    99 ||   199
Dodge: Dodged            |    68 |    92 |   172 ||   332
